 Dungeon Sprint DCSS version 0.26-a0-651-gb41185065b (webtiles) character file.

Game seed: 11001815508719397266

15 sahdkjhfkaj the Ruffian (level 5, 0/55 HPs)
             Began as a Troll Monk on Sept 28, 2020.
             Was an Initiate of Gozag.
             Succumbed to a redback's poison
             ... in the Dungeon (Sprint VI: "Thunderdome").
             The game lasted 00:01:44 (357 turns).

sahdkjhfkaj the Ruffian (Troll Monk)                 Turns: 357, Time: 00:01:45

Health: 0/55       AC:  8    Str: 20    XL:     5   Next: 1%
Magic:  4/4        EV:  6    Int:  6    God:    Gozag
Gold:   321        SH: 15    Dex: 12    Spells: 4/4 levels left

rFire    . . .     SeeInvis .     - Unarmed
rCold    + . .     Faith    .   a - +3 tower shield of Sophism {rC+ MR+}
rNeg     . . .     Spirit   .   l - +0 troll leather armour
rPois    .         Reflect  .   (helmet restricted)
rElec    .         Harm     .   (no cloak)
rCorr    .         Rampage  .   (gloves unavailable)
MR       +....     NoTele   +   (boots unavailable)
Stlth    +.........             (no amulet)
HPRegen  0.98/turn              (no ring)
MPRegen  0.09/turn              (no ring)

@: lethally poisoned (0 -> -17), lightly drained
A: large, unfitting armour, claws 3, regeneration 1, shaggy fur 1, tough skin 3
a: Potion Petition, Call Merchant, Bribe Branch, Renounce Religion


You were in the Dungeon.
You worshipped Gozag.
Gozag was aware of your devotion.
You visited 1 branch You collected 833 gold pieces.
You spent 512 gold pieces at shops.

Inventory:

Armour
 a - the +3 tower shield of Sophism (worn) {rC+ MR+}
   (You bought it in a shop in the Dungeon)

   It protects you from cold.
   It affects your resistance to hostile enchantments.
 l - a +0 troll leather armour (worn)
Wands
 h - a wand of acid (5)
 i - a wand of iceblast (5)
Scrolls
 g - 3 scrolls of blinking
 j - 2 scrolls of fog
Potions
 c - 2 potions of heal wounds
 d - 4 potions of haste
 e - 2 potions of magic
 f - a potion of berserk rage
 k - a potion of resistance


   Skills:
 + Level 4.3(3.9) Fighting
 + Level 3.4(3.0) Armour
 + Level 4.3(3.9) Dodging
 - Level 1.0(0.6) Stealth
 * Level 0.9(0.5) Shields
 * Level 6.9(6.5) Unarmed Combat


You had 4 spell levels left.
You didn't know any spells.
Your spell library was empty.

Dungeon Overview and Level Annotations

Branches:
Dungeon (1/1)

Altars:
Cheibriados
Dithmenos
Fedhas
Gozag
Kikubaaqudgha
Makhleb
Okawaru
Qazlal
Ru
Sif Muna
Trog
Uskayaw
Vehumet
Wu Jian
Xom
Yredelemnul
Zin
The Shining One
Beogh
Jiyva
Lugonu

Shops:
D *[??*?*:[((!!!!


Innate Abilities, Weirdness & Mutations

You are too large for most types of armour.
You have claws for hands.
Your natural rate of healing is unusually fast.
You are covered in fur. (AC +1)
You have extremely tough skin. (AC +3)


Message History

You block the redback's attack. You block the tarantella's attack.
Unknown command. 15...
The tarantella disappears in a puff of smoke!
The chaos spawn gurgles horribly!
The tarantella hisses angrily.
The redback bites you!
* * * LOW HITPOINT WARNING * * *
You are lethally poisoned!
The redback poisons you!
* * * LOW HITPOINT WARNING * * *
You feel very sick.
The deep elf mage casts a spell.
* * * LOW HITPOINT WARNING * * *
You feel very sick.
The deep elf mage casts a spell.
The tarantella barely misses you.
The deep elf mage gestures wildly while chanting.
The deep elf mage blinks!
You block the redback's attack.
You die...
Your body crumbles into a pile of gold.

##∩.....∩## #∩.......∩#
#_......._# #_........#
#_......._# ###.........###
#⌠......r3...⌠#
######.8.s..§4r..8.#####
##.___..@s..###.e....___∩
###∩......e.8.# #.8........
##............4###..........
#⌠..........###...###.......
#⌠..........# #e<.# #ee.....
#⌠..........###...###.......
##.............###..........
###∩........8.# #.8........
##∩.__....3.###3.5...___∩


You could see a hellwing (summoned), a deep elf mage, a smoke demon (summoned),
a chaos spawn (summoned), a tarantella (summoned), a redback (summoned) and 2
hell rats.

Vanquished Creatures
  An ogre (D)
  A hound (D)
  An adder (D)
  An ufetubus (D)
  A worm (D)
  A giant cockroach (D)
  A hobgoblin (D)
  A frilled lizard (D)
8 creatures vanquished.

Notes
Turn   | Place    | Note
-------+----------+-------------------------------------------
     0 | D        | sahdkjhfkaj the Troll Monk began the quest for the Orb.
     0 | D        | Reached XP level 1. HP: 22/22 MP: 0/0
     1 | D        | Found a stormy altar of Qazlal.
     1 | D        | Found a shadowy altar of Dithmenos.
     2 | D        | Found a shimmering altar of Xom.
     3 | D        | Found a glowing silver altar of Zin.
     3 | D        | Found a burning altar of Makhleb.
     4 | D        | Found a glowing golden altar of the Shining One.
     4 | D        | Found an ancient bone altar of Kikubaaqudgha.
     4 | D        | Found Uguagegeunn's Weapon Rack.
     4 | D        | Found Xauddil's Premium Goods.
     5 | D        | Found Plog's Basic Armour.
     5 | D        | Found Cegazesch's Miscellaneous Merchandise.
     5 | D        | Round 1.
    13 | D        | Bought a +0 troll leather armour for 180 gold pieces
    30 | D        | Found an iron altar of Okawaru.
    30 | D        | Found Ezah's Do-It-Yourself Clinic.
    32 | D        | Found Ragoapp's Bottled Wisdom.
    32 | D        | Found Fipsuume's Distillery.
    32 | D        | Found an ornate altar of the Wu Jian Council.
    32 | D        | Found an opulent altar of Gozag.
    32 | D        | Found a hide-covered altar of Uskayaw.
    32 | D        | Found Ruteduom's Distillery.
    34 | D        | Noticed a hound
    36 | D        | Found a radiant altar of Vehumet.
    40 | D        | Became a worshipper of Gozag Ym Sagoz the Greedy
    52 | D        | Killed a hound
    52 | D        | Reached skill level 1 in Armour
    52 | D        | Reached skill level 4 in Unarmed Combat
    52 | D        | Reached XP level 2. HP: 29/31 MP: 1/1
    52 | D        | Reached XP level 3. HP: 35/37 MP: 2/2
    54 | D        | Noticed an ogre
    62 | D        | Killed an ogre
    62 | D        | Reached skill level 6 in Unarmed Combat
    62 | D        | Reached XP level 4. HP: 37/48 MP: 3/3
   110 | D        | Found a corrupted altar of Lugonu.
   114 | D        | Found a sacrificial altar of Ru.
   114 | D        | Found Daufeb's Identification Station.
   114 | D        | Found Rodi's Advanced Armour.
   115 | D        | Found Cismyhe's Jewellery.
   120 | D        | Found a roughly hewn altar of Beogh.
   120 | D        | Found a snail-covered altar of Cheibriados.
   120 | D        | Found a viscous altar of Jiyva.
   121 | D        | Bought a heavily runed tower shield for 332 gold pieces
   126 | D        | Identified the +3 tower shield of Sophism {rC+ MR+} (You
                  | bought it in a shop in the Dungeon)
   130 | D        | Arena points: 5 (+5) [x1]
   137 | D        | Found a basalt altar of Yredelemnul.
   139 | D        | Found a shimmering blue altar of Sif Muna.
   139 | D        | Found a bloodstained altar of Trog.
   139 | D        | Found Hinankim's Magic Scroll Shop.
   139 | D        | Found Jast's Magic Scroll Shop.
   140 | D        | Found Neggujol's Must-Have Magic.
   145 | D        | Found Nipn's Staff Store.
   145 | D        | Found a blossoming altar of Fedhas.
   145 | D        | Round 2.
   233 | D        | Reached XP level 5. HP: 55/55 MP: 4/4
   289 | D        | Arena points: 15 (+10) [x1]
   304 | D        | Round 3.
   308 | D        | Noticed a deep elf mage
   309 | D        | Noticed a deep elf mage
   309 | D        | Noticed a deep elf mage
   310 | D        | Noticed a deep elf mage
   315 | D        | Noticed a deep elf mage
   319 | D        | Noticed a deep elf mage
   322 | D        | Noticed a neqoxec
   323 | D        | Noticed a tarantella
   324 | D        | Noticed a tarantella
   324 | D        | Noticed a redback
   348 | D        | HP: 1/55 [redback[a deep elf mage] (12)]
   351 | D        | Noticed a hellwing
   353 | D        | Noticed a tarantella
   354 | D        | Noticed a chaos spawn
   356 | D        | Noticed a smoke demon
   357 | D        | Succumbed to a redback's poison

Illustrated notes

Levels and vault maps discovered:
D:        arena_sprint

Skill      XL: |  1  2  3 |
---------------+----------+-----
Fighting       | 3 4 |  4.3
Armour         | 1 3 |  3.4
Dodging        | 3 4 |  4.3
Unarmed Combat | 4 6 |  6.9
Stealth        | |  1.0
Shields        | |  0.9

Action                   |  1- 3 |  4- 6 || total
-------------------------+-------+-------++-------
Melee: Unarmed           |    19 |    16 ||    35
       Punch             |     1 |       ||     1
  Use: Potion            |       |     3 ||     3
       Scroll            |       |     2 ||     2
Armor: Troll leather arm |    14 |     8 ||    22
Dodge: Dodged            |    18 |     4 ||    22
Block: Tower shield      |       |    14 ||    14

Table legend: (Time is in decaauts)
 A = Elapsed time spent in this place.
 B = Non-inter-level travel time spent in this place.
 C = Inter-level travel time spent in this place.
 D = Time resting spent in this place.
 E = Time spent auto-exploring this place.
 F = Levels seen in this place.
 G = Mean time per level.
                   A        B        C        D        E       F      G
               +--------+--------+--------+--------+--------+-----+--------+
         Total |    355 |    355 |      0 |    113 |     90 |   1 |  355.0 |
       Dungeon |    355 |    355 |      0 |    113 |     90 |   1 |  355.0 |
               +--------+--------+--------+--------+--------+-----+--------+

Top non-repeatable levels by time:
       D: 355 daAuts
